 Dungeon Crawl Stone Soup version 0.24-a0-335-g06ca16a (webtiles) character file.

Game seed: 17074040600497830571

24003 Borgoz the Severer (level 13, -3/174 HPs)
             Began as a Hill Orc Gladiator on May 18, 2019.
             Was a Believer of Ashenzari.
             Slain by a ten-headed hydra (7 damage)
             ... on level 12 of the Dungeon.
             The game lasted 00:26:16 (14619 turns).

Borgoz the Severer (Hill Orc Gladiator)            Turns: 14619, Time: 00:26:17

Health: -3/174     AC: 14    Str: 33    XL:     13   Next: 10%
Magic:  8/8        EV: 18    Int:  8    God:    Ashenzari [**....]
Gold:   54         SH:  0    Dex: 20    Spells: 12/12 levels left

rFire    + + .     SeeInvis .   b - +4 flail "Ixen" {drain, rF+ MR- MP-9 Str+5 Dex+4 Stlth+}
rCold    . . .     Gourm    .   (no shield)
rNeg     . . .     Faith    .   v - +3 ring mail {rF+}
rPois    .         Spirit   .   c - +0 helmet
rElec    .         Reflect  .   C - +0 cloak
rCorr    +         Harm     .   (no gloves)
MR       .....                  j - +0 pair of boots
Stlth    ..........             R - amulet of rage
HPRegen  0.39/turn              h - ring of resist corrosion
MPRegen  0.11/turn              J - +5 ring of strength

@: berserking, very quick
A: no striking features
a: Curse Item, Scrying, Renounce Religion, Evoke Berserk Rage


You were on level 12 of the Dungeon.
You worshipped Ashenzari.
Ashenzari was pleased with you.
You were hungry.

You visited 2 branches of the dungeon, and saw 13 of its levels.
You also visited: Sewer.

You collected 614 gold pieces.
You spent 560 gold pieces at shops.

Inventory:

Hand Weapons
 a - a +4 battleaxe of electrocution
 b - the +4 flail "Ixen" (weapon) {drain, rF+ MR- MP-9 Str+5 Dex+4 Stlth+}
   (You found it on level 8 of the Dungeon)

   A truly terrible weapon, it drains the life of those it strikes.
   It affects your strength (+5).
   It affects your dexterity (+4).
   It protects you from fire.
   It affects your resistance to hostile enchantments.
   It affects your magic capacity (-9).
   It makes you more stealthy.
Armour
 c - a +0 helmet (worn)
 j - a +0 pair of boots (worn)
 v - a +3 ring mail of fire resistance (worn)
 C - a +0 cloak (worn)
 K - +0 acid dragon scales
 N - a +0 plate armour
 O - +0 steam dragon scales
 S - a +0 troll leather armour
Jewellery
 h - a ring of resist corrosion (left hand)
 J - a +5 ring of strength (right hand)
 L - an uncursed amulet of regeneration
 Q - an uncursed amulet of the acrobat
 R - an amulet of rage (around neck)
Wands
 i - a wand of flame (16)
 t - a wand of disintegration (14)
 y - a wand of paralysis (2)
 I - a wand of random effects (19)
Scrolls
 e - a scroll of enchant weapon
 k - 2 scrolls of enchant armour {unknown}
 o - 5 scrolls of amnesia
 q - 8 scrolls of teleportation
 r - a scroll of random uselessness {unknown}
 w - a scroll of silence
 x - 5 scrolls of remove curse
 z - a scroll of vulnerability {unknown}
 A - a scroll of blinking {unknown}
 F - 2 scrolls of fog {unknown}
 P - 3 scrolls of magic mapping
Potions
 d - a potion of berserk rage {unknown}
 g - 3 potions of curing
 l - 3 potions of might
 m - a potion of agility {unknown}
 n - 2 potions of brilliance {unknown}
 s - a potion of haste
 u - 2 potions of resistance
 B - 2 potions of degeneration {unknown}
 E - a potion of ambrosia {unknown}
 G - a potion of lignification {unknown}
 H - a potion of invisibility {unknown}
 M - a potion of flight {unknown}
 U - 2 potions of mutation {unknown}
Comestibles
 f - 18 rations
 p - 2 chunks of flesh


   Skills:
 + Level 11.2 Fighting
 + Level 16.0 Axes
 - Level 1.7 Throwing
 * Level 10.4 Armour
 * Level 8.6 Dodging
 + Level 2.3 Stealth
 + Level 5.8 Evocations


You had 12 spell levels left.
You didn't know any spells.
Your spell library was empty.

Dungeon Overview and Level Annotations

Branches:
Dungeon (12/15)            Temple (1/1) D:5            Lair (0/6) D:9
    Orc (0/2) D:11

Altars:
Ashenzari
Cheibriados
Dithmenos
Elyvilon
Fedhas
Gozag
Hepliaklqana
Kikubaaqudgha
Makhleb
Nemelex Xobeh
Okawaru
Qazlal
Ru
Sif Muna
Trog
Uskayaw
Vehumet
Wu Jian
Xom
Yredelemnul
Zin
The Shining One

Shops:
D:10 (=%   D:11 =   D:12 *

Annotations:
D:11 2 transporters, Twizzled's ghost, journeyman CeHu


Message History

The ten-headed hydra bites you!
* * * LOW HITPOINT WARNING * * *
The ten-headed hydra bites you.
* * * LOW HITPOINT WARNING * * *
The ten-headed hydra bites you but does no damage.
The ten-headed hydra bites you!
* * * LOW HITPOINT WARNING * * *
The ten-headed hydra misses you. The ten-headed hydra bites you!
* * * LOW HITPOINT WARNING * * *
The ten-headed hydra bites you!
* * * LOW HITPOINT WARNING * * *
The ten-headed hydra bites you but does no damage.
The ten-headed hydra closely misses you.
The ten-headed hydra barely misses you.
You sock the ten-headed hydra! You drain the ten-headed hydra.
The ten-headed hydra is heavily wounded.
The ten-headed hydra bites you!
* * * LOW HITPOINT WARNING * * *
The ten-headed hydra bites you!
You die...

#....#.(....#.......#.....
#....#......#.......#.....
#....#......#, #.....
#....#......#, , #.....
#######......##### #.....
#................. ......
#................. ......
#.....)........... , ##+##
#.....)...@D......
#.................
#.[...............
###+###########...
#......... , .. ,
#.........,, . , *
#......... * #.........
,,* , #.....##..


You could see a ten-headed hydra.

Vanquished Creatures
  Rupert (D:12)
  A hydra (D:11)
  A centaur warrior (D:10)
  7 two-headed ogres
  An ogre mage (D:11)
  Sonja (D:11)
  A cyclops (D:11)
  An ugly thing (D:12)
  A centaur zombie (D:12)
  A hornet (D:9)
  6 trolls
  Prince Ribbit (D:5)
  A hippogriff (D:12)
  6 slime creatures (D:12)
  A wraith (D:11)
  11 yaks
  Eustachio (D:6)
  Grum (D:9)
  4 hungry ghosts
  A steam dragon (D:10)
  2 wargs (D:9)
  Menkaure (D:5)
  Edmund (D:5)
  3 acid dragons (D:11)
  A two-headed ogre zombie (D:11)
  Duvessa (D:5)
  2 ice beasts
  2 black bears
  5 orc warriors
  A sky beast (D:9)
  An eye of draining (D:12)
  A necrophage (D:11)
  7 ogres
  2 wolves
  2 crocodiles
  4 centaurs
  7 big kobolds
  9 bullfrogs
  A gnoll sergeant (D:7)
  A wyvern zombie (D:9)
  Dowan (D:5)
  11 killer bees
  5 scorpions
  2 troll zombies (D:11)
  4 wights (D:6)
  4 howler monkeys
  5 crimson imps
  2 bullfrog zombies
  A jelly (D:6)
  14 orc priests
  2 bullfrog skeletons
  9 hounds
  Crazy Yiuf (D:6)
  20 orc wizards
  2 centaur skeletons
  2 iguanas
  6 worker ants
  A statue (D:7)
  5 ogre zombies (D:11)
  A hound zombie (D:7)
  2 worker ant zombies
  14 adders
  11 gnolls
  A river rat (Sewer)
  4 shadow imps
  2 oozes (Sewer)
  An adder zombie (D:8)
  5 worms
  3 dart slugs
  10 leopard geckos
  46 orcs
  6 giant cockroaches
  5 goblins
  3 hobgoblins
  23 jackals
  3 quokkas
  3 ball pythons
  6 bats
  6 frilled lizards
  A giant cockroach zombie (D:4)
  A goblin skeleton (D:11)
  7 goblin zombies (D:11)
  A hobgoblin skeleton (D:11)
  6 hobgoblin zombies (D:11)
  16 kobolds
  5 orc skeletons (D:11)
  5 orc zombies (D:11)
  A quokka skeleton (D:4)
  A quokka zombie (D:6)
  14 rats
413 creatures vanquished.

Vanquished Creatures (others)
  An orc wizard (D:8)
1 creature vanquished.

Grand Total: 414 creatures vanquished

Notes
Turn   | Place    | Note
-------+----------+-------------------------------------------
     0 | D:1      | Borgoz the Hill Orc Gladiator began the quest for the Orb.
     0 | D:1      | Reached XP level 1. HP: 18/18 MP: 1/1
   152 | D:1      | Reached XP level 2. HP: 25/25 MP: 2/2
   461 | D:1      | Reached skill level 1 in Armour
   658 | D:2      | Reached XP level 3. HP: 27/30 MP: 3/3
  1122 | D:2      | Reached skill level 5 in Axes
  1640 | D:3      | Reached XP level 4. HP: 38/38 MP: 4/4
  2041 | D:3      | Reached XP level 5. HP: 43/45 MP: 5/5
  2427 | D:3      | Found a blossoming altar of Fedhas.
  2609 | D:4      | Reached skill level 6 in Axes
  2673 | D:4      | Reached XP level 6. HP: 52/52 MP: 6/6
  2686 | D:4      | Found a glowing drain.
  2706 | Sewer    | Entered a sewer
  3113 | Sewer    | Reached skill level 7 in Axes
  3113 | Sewer    | Reached XP level 7. HP: 54/60 MP: 7/7
  3494 | D:4      | Reached skill level 5 in Fighting
  3504 | D:4      | Reached skill level 8 in Axes
  3608 | D:4      | Found a shadowy altar of Dithmenos.
  3623 | D:4      | Reached XP level 8. HP: 42/68 MP: 8/8
  4316 | D:5      | Entered Level 5 of the Dungeon
  4440 | D:5      | Noticed Dowan
  4440 | D:5      | Noticed Duvessa
  4455 | D:5      | Killed Duvessa
  4455 | D:5      | Reached skill level 9 in Axes
  4463 | D:5      | Killed Dowan
  4707 | D:5      | Found a staircase to the Ecumenical Temple.
  4756 | Temple   | Entered the Ecumenical Temple
  4806 | Temple   | Became a worshipper of Ashenzari the Shackled
  4960 | D:5      | Noticed Edmund
  4975 | D:5      | Killed Edmund
  4975 | D:5      | Reached skill level 5 in Armour
  5006 | D:5      | Noticed Prince Ribbit
  5019 | D:5      | Killed Prince Ribbit
  5019 | D:5      | Reached skill level 10 in Axes
  5019 | D:5      | Reached XP level 9. HP: 52/78 MP: 9/9
  5158 | D:5      | Noticed Menkaure
  5170 | D:5      | Killed Menkaure
  5760 | D:6      | Reached skill level 5 in Dodging
  5913 | D:6      | Found a stormy altar of Qazlal.
  6008 | D:6      | Noticed a troll
  6014 | D:6      | Killed a troll
  6249 | D:6      | Reached skill level 11 in Axes
  6270 | D:6      | Noticed Eustachio
  6280 | D:6      | Killed Eustachio
  6315 | D:6      | Found a runed translucent door.
  6316 | D:6      | Noticed Crazy Yiuf
  6507 | D:6      | Found a sacrificial altar of Ru.
  6626 | D:6      | Killed Crazy Yiuf
  7244 | D:7      | Reached skill level 1 in Evocations
  7306 | D:7      | Found a sacrificial altar of Ru.
  7364 | D:7      | Reached XP level 10. HP: 88/88 MP: 11/11
  7533 | D:7      | Found a radiant altar of Vehumet.
  7787 | D:7      | Found a deep blue altar of Sif Muna.
  7897 | D:8      | Reached skill level 12 in Axes
  8324 | D:8      | Got the flail "Ixen" {drain, rF+ MR- MP-9 Str+5 Dex+4
                  | Stlth+}
  8345 | D:8      | Found a snail-covered altar of Cheibriados.
  8345 | D:8      | Found an opulent altar of Gozag.
  8605 | D:9      | Noticed Grum
  8922 | D:9      | Killed Grum
  9865 | D:9      | Found a staircase to the Lair.
  9889 | D:9      | Reached skill level 13 in Axes
 10668 | D:10     | Entered Level 10 of the Dungeon
 10718 | D:10     | Found Ewufui's Antique Weapon Shoppe.
 10719 | D:10     | Reached XP level 11. HP: 85/95 MP: 13/13
 10739 | D:10     | Identified the +4 flail "Ixen" {drain, rF+ MR- MP-9 Str+5
                  | Dex+4 Stlth+} (You found it on level 8 of the Dungeon)
 10793 | D:10     | Reached * piety under Ashenzari
 10803 | D:10     | Noticed a centaur warrior
 10818 | D:10     | Killed a centaur warrior
 10927 | D:10     | Found Useofer's Jewellery Shop.
 11138 | D:10     | Found Wilaghor's Food Shoppe.
 11825 | D:11     | Found Loecvefo's Jewellery Shoppe.
 11851 | D:11     | Reached skill level 14 in Axes
 12026 | D:11     | Noticed a two-headed ogre
 12026 | D:11     | Noticed a two-headed ogre
 12027 | D:11     | Noticed a two-headed ogre
 12027 | D:11     | Noticed a two-headed ogre
 12028 | D:11     | Noticed a two-headed ogre
 12028 | D:11     | Noticed a two-headed ogre
 12030 | D:11     | Noticed an ogre mage
 12036 | D:11     | Killed a two-headed ogre
 12040 | D:11     | Killed a two-headed ogre
 12040 | D:11     | Reached skill level 5 in Evocations
 12042 | D:11     | Killed a two-headed ogre
 12043 | D:11     | Killed an ogre mage
 12043 | D:11     | Killed a two-headed ogre
 12043 | D:11     | Reached skill level 10 in Fighting
 12044 | D:11     | Killed a two-headed ogre
 12044 | D:11     | Reached XP level 12. HP: 51/106 MP: 6/15
 12050 | D:11     | Killed a two-headed ogre
 12050 | D:11     | Reached skill level 15 in Axes
 12262 | D:11     | Noticed Sonja
 12278 | D:11     | Killed Sonja
 12352 | D:11     | Found a staircase to the Orcish Mines.
 12411 | D:11     | Noticed an eight-headed hydra
 12428 | D:11     | Killed an eight-headed hydra
 12654 | D:11     | Found a transporter.
 12655 | D:11     | Noticed Twizzled's ghost (journeyman CeHu)
 12667 | D:11     | Found a transporter.
 12667 | D:11     | Identified the +7 dire flail of Efoize Ycie {crush, rF+}
 12667 | D:11     | Noticed a two-headed ogre
 13112 | D:11     | Reached ** piety under Ashenzari
 13262 | D:10     | Bought an uncursed amulet of rage for 560 gold pieces
 13333 | D:12     | Noticed Rupert
 13336 | D:12     | Paralysed by Rupert for 6 turns
 13358 | D:12     | Killed Rupert
 13358 | D:12     | Reached skill level 1 in Stealth
 13610 | D:12     | Noticed a two-headed ogre
 13622 | D:12     | Killed a two-headed ogre
 13622 | D:12     | Reached skill level 10 in Armour
 14053 | D:12     | Reached XP level 13. HP: 99/116 MP: 12/17
 14153 | D:12     | Reached skill level 16 in Axes
 14175 | D:12     | Found Suokhluyn's Assorted Antiques.
 14229 | D:12     | HP: 1/116 [ten-headed hydra (6)]
 14619 | D:12     | HP: 4/174 [ten-headed hydra (10)]
 14619 | D:12     | Slain by a ten-headed hydra

Levels and vault maps discovered:
D:1:      lightli_iron_boxes, layout_loops_ring, minmay_split_cup_small
D:2:      layout_loops_cross, minmay_pentomino_t2
D:3:      layout_loops_corners, marbit_many_paths, first_ration
D:4:      layout_loops_corners, grunt_dithmenos_smoke_and_mirrors,
          gup_sewer_entry_pipe
D:5:      cheibrodos_quashed, layout_loops_ring, minmay_temple_entry_hall,
          grunt_ministairs_7, uniq_menkaure, uniq_prince_ribbit1, uniq_edmund,
          uniq_duvessa
D:6:      minmay_chambers_of_sixes, layout_gridville, nicolae_ru_path_of_blood,
          nicolae_qazlal_general_emergency, minmay_misc_feat_diagonals,
          uniq_eustachio, uniq_crazy_yiuf_cottage
D:7:      layout_basic, vehumet_statue, kennysheep_little_box, basic_altar
D:8:      layout_basic, gammafunk_temple_overflow_elements
D:9:      layout_roguey, erik_lair_orcish_takeover, uniq_grum
D:10:     layout_stronghold, serial_shops, shop, shop, nicolae_shop_statue_plus
D:11:     layout_stronghold, zombieorc2_lemuel, gammafunk_ghost_smash,
          serial_shops, shop, uniq_sonja
D:12:     layout_gridville, serial_shops, shop, uniq_rupert
Temple:   eino_narrow_crystal_temple

Skill      XL: |  1  2  3  4  5  6  7  8  9 10 11 12 13 |
---------------+----------------------------------------+-----
Armour         | 1 2 3 4 5 6 7 8 10 | 10.4
Fighting       | 3 4 5 6 7 8 10 11 | 11.2
Axes           | 5 6 7 8 10 11 13 14 15 16 | 16.0
Dodging        | 3 4 5 6 7 8 |  8.6
Evocations     | 1 3 5 |  5.8
Stealth        | 2 |  2.3
Throwing       | |  1.7

Action                   |  1- 3 |  4- 6 |  7- 9 | 10-12 | 13-15 || total
-------------------------+-------+-------+-------+-------+-------++-------
Melee: War axe           |   106 |   204 |   397 |   301 |       ||  1008
       Flail             |       |       |       |   376 |     5 ||   381
       Battleaxe         |       |       |       |    53 |    30 ||    83
Throw: Throwing net      |     1 |       |     1 |     6 |       ||     8
 Abil: Evoke Berserk Rag |       |       |       |     1 |     1 ||     2
Evoke: Wand              |       |       |       |    11 |     2 ||    13
  Use: Scroll            |       |     6 |     5 |     2 |     1 ||    14
       Potion            |       |       |       |     8 |     1 ||     9
 Stab: Sleeping          |     1 |       |       |     7 |       ||     8
       Paralysed         |       |       |       |    10 |       ||    10
       Held in net/web   |       |       |       |     2 |       ||     2
       Distracted        |       |       |       |     2 |       ||     2
  Eat: Chunk             |     1 |     7 |    14 |    27 |     2 ||    51
Armor: Leather armour    |    39 |       |       |       |       ||    39
       Scale mail        |     4 |    98 |   131 |       |       ||   233
       Ring mail         |       |       |    15 |   255 |    34 ||   304
Dodge: Dodged            |    81 |   126 |   217 |   552 |    64 ||  1040

Table legend:
 A = Non-vault XP
 B = Vault XP
 C = Vault XP percentage of total XP
 D = Non-vault monster count
 E = Vault monster count
 F = Vault count percentage of total count
                 A         B        C        D         E       F
            +---------+---------+-------+---------+---------+-------
      Total |   26304 |    7986 |  23.3 |     308 |     106 |  25.6
            +---------+---------+-------+---------+---------+-------
        D:1 |      24 |       5 |  17.2 |      16 |       3 |  15.8
        D:2 |      50 |       1 |   2.0 |      21 |       1 |   4.5
        D:3 |     181 |       2 |   1.1 |      30 |       1 |   3.2
        D:4 |     365 |      17 |   4.5 |      25 |       7 |  21.9
        D:5 |     499 |     972 |  66.1 |      13 |       7 |  35.0
        D:6 |     363 |     635 |  63.6 |      13 |       8 |  38.1
        D:7 |    1201 |      32 |   2.6 |      27 |       1 |   3.6
        D:8 |    1356 |     121 |   8.2 |      29 |       1 |   3.3
        D:9 |    1765 |     936 |  34.7 |      20 |      11 |  35.5
       D:10 |    3345 |       0 |   0.0 |      25 |       0 |   0.0
       D:11 |   10662 |    1624 |  13.2 |      57 |      37 |  39.4
       D:12 |    6493 |    2971 |  31.4 |      32 |       1 |   3.0
      Sewer |       0 |     670 | 100.0 |       0 |      28 | 100.0
            +---------+---------+-------+---------+---------+-------
